 Dungeon Crawl Stone Soup version 0.24.0-35-gdb84b6a5db (webtiles) character file.

Game seed: 6121218775727087193, levelgen mode: deterministic

70 Gruesph the Caller (level 4, -1/32 HPs)
             Began as a Gnoll Summoner on Nov 20, 2019.
             Slain by a worm (9 damage)
             ... on level 2 of the Dungeon.
             The game lasted 00:06:47 (1931 turns).

Gruesph the Caller (Gnoll Summoner)                 Turns: 1931, Time: 00:06:48

Health: -1/32      AC:  5    Str: 11    XL:     4   Next: 21%
Magic:  7/11       EV:  9    Int: 18    God:
Gold:   81         SH:  0    Dex: 15    Spells: 10/13 levels left

rFire    . . .     SeeInvis .   d - +0 short sword
rCold    . . .     Gourm    .   (no shield)
rNeg     . . .     Faith    .   g - +0 ring mail
rPois    .         Spirit   .   (no helmet)
rElec    .         Reflect  .   (no cloak)
rCorr    .         Harm     .   (no gloves)
MR       .....                  (no boots)
Stlth    ++........             (no amulet)
HPRegen  0.10/turn              (no ring)
MPRegen  0.12/turn              (no ring)

@: constricted
A: distributed training, fangs 1, strong nose
a: no special abilities


You were on level 2 of the Dungeon.
You were not hungry.

You visited 1 branch of the dungeon, and saw 2 of its levels.

You collected 81 gold pieces.

Inventory:

Hand Weapons
 d - a +0 short sword (weapon)
 i - a +1 rapier of venom
Missiles
 b - 3 stones (quivered)
Armour
 g - a +0 ring mail (worn)
Jewellery
 a - an uncursed ring of flight {unknown}
Scrolls
 e - a scroll of identify {unknown}
Potions
 f - a potion of lignification {unknown}
 j - a potion of heal wounds {unknown}
 k - a potion of invisibility {unknown}
Comestibles
 c - 2 rations
 h - 3 chunks of flesh


   Skills:
 + Level 1.0 Fighting
 + Level 1.0 Short Blades
 + Level 1.0 Long Blades
 + Level 1.0 Axes
 + Level 1.0 Maces & Flails
 + Level 1.0 Polearms
 + Level 1.0 Staves
 + Level 1.0 Slings
 + Level 1.0 Bows
 + Level 1.0 Crossbows
 + Level 1.0 Throwing
 + Level 1.0 Armour
 + Level 4.6 Dodging
 + Level 4.2 Stealth
 + Level 1.0 Shields
 + Level 1.0 Unarmed Combat
 + Level 5.0 Spellcasting
 + Level 0.8 Conjurations
 + Level 0.8 Hexes
 + Level 0.8 Charms
 + Level 7.1 Summonings
 + Level 0.8 Necromancy
 + Level 0.8 Translocations
 + Level 0.8 Transmutations
 + Level 0.8 Fire Magic
 + Level 0.8 Ice Magic
 + Level 0.8 Air Magic
 + Level 0.8 Earth Magic
 + Level 0.8 Poison Magic
 + Level 1.1 Invocations
 + Level 1.0 Evocations


You had 10 spell levels left.
You knew the following spells:

 Your Spells              Type           Power        Failure   Level  Hunger
a - Summon Small Mammal   Summ           ####         1%          1    None
b - Call Imp              Summ           ####....     2%          2    #......

Your spell library contained the following spells:

 Spells                   Type           Power        Failure   Level  Hunger
 Call Canine Familiar     Summ           ####....     4%          3    ##.....
 Summon Guardian Golem    Hex/Summ       ###.....     19%         3    ##.....
 Summon Ice Beast         Ice/Summ       ###.....     52%         4    ####...
 Summon Lightning Spire   Summ/Air       ###.....     52%         4    ####...


Dungeon Overview and Level Annotations

Branches:
Dungeon (2/15)

Altars:
Cheibriados

Annotations:
D:2 Sigmund


Innate Abilities, Weirdness & Mutations

Your experience applies equally to all skills.
You have very sharp teeth.
Your uncanny sense of smell can sniff out nearby items.


Message History

Casting: Call Imp (safe; 2% risk of failure)
Confirm with . or Enter, or press ? or * to list all spells.
The ball python bites you. x2
* * * LOW HITPOINT WARNING * * *
The ball python constricts you.
Casting: Summon Small Mammal (safe; 1% risk of failure)
Confirm with . or Enter, or press ? or * to list all spells.
The ball python barely misses you. The ball python constricts you.
The ball python barely misses you. The ooze closely misses your quokka.
The worm bites you but does no damage.
Your quokka bites the worm.
Casting: Summon Small Mammal (safe; 1% risk of failure)
Confirm with . or Enter, or press ? or * to list all spells.
A beastly little devil appears in a puff of frigid air.
The ball python bites you but does no damage. x2
* * * LOW HITPOINT WARNING * * *
The ball python constricts you. The ooze barely misses your quokka.
Your quokka bites the worm.
Your quokka closely misses the ball python.
The worm bites you!
You die...

..@rJ... ..# .?......##.##.#
#..>...# ....S.......#.#
#......# ....S.J..)..#.#
#......# ....... ......#
#.....|# ....... .....# #.
#......#
#......###Jr5.#.#.##......## #
#...?..SS# #.#.#........#
#.#....###@###............#
#.....#.##w#..............#
.[.......##r#..............#
..(#.<##.##.#..............#
............#...###.........
###########.##.#.#.###.###.....
#......####.##.......#.# #.....
#......#.............#.# #.....
#.>....#.##.##...#.....# ######


You could see a worm, an ooze, 2 ball pythons, a friendly white imp and 2
friendly quokkas.

Vanquished Creatures
  2 adders
  A worm (D:1)
  A dart slug (D:2)
  A leopard gecko (D:1)
  3 bats (D:1)
  4 giant cockroaches
  6 goblins
  4 hobgoblins (D:1)
  4 jackals (D:1)
  3 kobolds (D:1)
  2 frilled lizards
  5 rats
36 creatures vanquished.

Vanquished Creatures (collateral kills)
  A leopard gecko (D:1)
  A bat (D:1)
  2 giant cockroaches (D:1)
  A hobgoblin (D:1)
  A kobold (D:1)
  A rat (D:1)
7 creatures vanquished.

Grand Total: 43 creatures vanquished

Notes
Turn   | Place    | Note
-------+----------+-------------------------------------------
     0 | D:1      | Gruesph the Gnoll Summoner began the quest for the Orb.
     0 | D:1      | Reached XP level 1. HP: 13/13 MP: 6/6
   274 | D:1      | Reached XP level 2. HP: 2/19 MP: 5/7
   286 | D:1      | Learned a level 2 spell: Call Imp
  1127 | D:1      | Reached XP level 3. HP: 21/25 MP: 9/9
  1140 | D:1      | Reached skill level 5 in Spellcasting
  1448 | D:1      | Reached skill level 1 in Invocations
  1616 | D:1      | Reached skill level 1 in Fighting
  1616 | D:1      | Reached skill level 1 in Short Blades
  1616 | D:1      | Reached skill level 1 in Long Blades
  1616 | D:1      | Reached skill level 1 in Axes
  1616 | D:1      | Reached skill level 1 in Maces & Flails
  1616 | D:1      | Reached skill level 1 in Polearms
  1616 | D:1      | Reached skill level 1 in Staves
  1616 | D:1      | Reached skill level 1 in Slings
  1616 | D:1      | Reached skill level 1 in Bows
  1616 | D:1      | Reached skill level 1 in Crossbows
  1616 | D:1      | Reached skill level 1 in Throwing
  1616 | D:1      | Reached skill level 1 in Armour
  1616 | D:1      | Reached skill level 1 in Shields
  1616 | D:1      | Reached skill level 1 in Unarmed Combat
  1616 | D:1      | Reached skill level 1 in Evocations
  1616 | D:1      | Reached XP level 4. HP: 24/32 MP: 11/11
  1915 | D:2      | Found a snail-covered altar of Cheibriados.
  1915 | D:2      | Noticed Sigmund
  1931 | D:2      | Slain by a worm

Levels and vault maps discovered:
D:1:      matt_arrival_refuge, layout_basic
D:2:      layout_basic, regret_index_temple_of_mockery, cheibriados_altar_1,
          uniq_sigmund

Skill      XL: |  1  2  3 |
---------------+----------+-----
Spellcasting   | 5 |  5.0
Invocations    | 1 |  1.1
Fighting       | 1 |  1.0
Short Blades   | 1 |  1.0
Long Blades    | 1 |  1.0
Axes           | 1 |  1.0
Maces & Flails | 1 |  1.0
Polearms       | 1 |  1.0
Staves         | 1 |  1.0
Slings         | 1 |  1.0
Bows           | 1 |  1.0
Crossbows      | 1 |  1.0
Throwing       | 1 |  1.0
Armour         | 1 |  1.0
Shields        | 1 |  1.0
Unarmed Combat | 1 |  1.0
Evocations     | 1 |  1.0
Dodging        | |  4.6
Stealth        | |  4.2
Conjurations   | |  0.8
Hexes          | |  0.8
Charms         | |  0.8
Summonings     | |  7.1
Necromancy     | |  0.8
Translocations | |  0.8
Transmutations | |  0.8
Fire Magic     | |  0.8
Ice Magic      | |  0.8
Air Magic      | |  0.8
Earth Magic    | |  0.8
Poison Magic   | |  0.8

Action                   |  1- 3 |  4- 6 || total
-------------------------+-------+-------++-------
Melee: Unarmed           |    12 |       ||    12
       Short sword       |   115 |    38 ||   153
       Bite              |    12 |     2 ||    14
Throw: Stone             |     1 |       ||     1
 Cast: Summon Small Mamm |    10 |     2 ||    12
       Call Imp          |     1 |     1 ||     2
 Stab: Distracted        |     1 |     1 ||     2
       Sleeping          |     5 |       ||     5
  Eat: Chunk             |     2 |     1 ||     3
Armor: Robe              |    16 |       ||    16
       Ring mail         |    23 |    16 ||    39
Dodge: Dodged            |   115 |    27 ||   142
